Map: [ESL] Oceanborn

Players

ShaDoWn

  • Race: Protoss Protoss
  • Spawn Location: 5:00

Vindicta - Winner!

  • Race: Terran Terran
  • Spawn Location: 11:00

Event: ESL SC2 Masters 2023 Winter (Finals)

VOD

Have the link to the VOD?

Description

Time

  • Played on: Dec. 15, 2023, 5:40 p.m.
  • Length: 14:59

All games in this series

Show
View Real Time Build Order
Export as new Build Order

ShaDoWn Protoss 

Build Orders: 1 Gate Expand, Blink Stalkers, Colossus Rush 

Get SALT Encoding   

  12  0:00  Probe  
  13  0:12  Probe  
  14  0:16  Pylon  
  14  0:24  Probe (Chrono Boost)  
  15  0:34  Gateway  
  15  0:36  Probe (Chrono Boost)  
  16  0:45  Probe (Chrono Boost)  
  16  0:46  Assimilator  
  17  0:51  Probe  
  18  1:03  Probe  
  19  1:15  Probe  
  20  1:21  Cybernetics Core  
  20  1:31  Nexus  
  20  1:39  Pylon  
  20  1:41  Probe  
  21  1:47  Assimilator  
  21  1:53  Probe  
  22  1:55  Adept (Chrono Boost)  
  22  2:00  Warp Gate  
  24  2:05  Probe (Chrono Boost)  
  26  2:16  Probe (Chrono Boost)  
  26  2:20  Twilight Council, Probe (Chrono Boost)  
  27  2:27  Stalker  
  29  2:31  Probe  
  30  2:43  Probe (Chrono Boost)  
  32  2:49  Probe (Chrono Boost)  
  32  2:53  Probe (Chrono Boost)  
  32  2:55  Gateway  
  32  2:57  Probe (Chrono Boost)  
  32  2:58  Probe (Chrono Boost)  
  34  2:59  Blink (Chrono Boost)  
  35  3:08  Probe  
  35  3:10  Probe  
  37  3:17  Robotics Facility  
  37  3:20  Probe  
  37  3:22  Probe  
  39  3:27  Gateway  
  39  3:32  Probe  
  40  3:34  Probe, Pylon  
  41  3:44  Probe  
  41  3:46  Probe (Chrono Boost)  
  41  3:47  Stalker  
  38  3:56  Probe (Chrono Boost)  
  40  4:04  Probe (Chrono Boost)  
  40  4:06  Probe (Chrono Boost)  
  40  4:08  Observer  
  42  4:11  Nexus, Probe x2 (Chrono Boost)  
  42  4:17  Assimilator  
  44  4:18  Assimilator  
  44  4:22  Probe x2  
  46  4:25  Robotics Bay  
  46  4:30  Stalker  
  48  4:32  Stalker  
  48  4:34  Probe x2  
  48  4:37  Pylon  
  52  4:52  Probe x2  
  54  4:58  Stalker x2  
  54  4:59  Pylon  
  58  5:04  Probe x2  
  58  5:06  Stalker  
  62  5:14  Colossus (Chrono Boost)  
  62  5:17  Probe x2  
  70  5:26  Probe (Chrono Boost)  
  71  5:29  Pylon  
  71  5:31  Forge  
  71  5:34  Probe (Chrono Boost)  
  73  5:38  Probe x2 (Chrono Boost)  
  73  5:40  Sentry  
  73  5:42  Extended Thermal Lance  
  77  5:44  Probe x2 (Chrono Boost)  
  77  5:45  Probe (Chrono Boost)  
  77  5:47  Pylon  
  79  5:53  Probe  
  79  5:54  Probe  
  79  5:55  Colossus (Chrono Boost)  
  79  5:56  Probe  
  82  6:00  Protoss Ground Weapons Level 1 (Chrono Boost)  
  88  6:07  Probe  
  88  6:08  Gateway  
  88  6:09  Gateway  
  89  6:18  Probe x2  
  86  6:20  Assimilator  
  86  6:23  Gateway  
  86  6:24  Gateway  
  87  6:26  Gateway, Probe  
  87  6:29  Sentry, Zealot x2  
  87  6:32  Colossus (Chrono Boost)  
  100  6:41  Pylon, Probe  
  100  6:44  Pylon  
  100  6:45  Observer  
  101  6:54  Charge (Chrono Boost)  
  101  6:56  Pylon  
  101  6:59  Nexus  
  101  7:00  Pylon  
  101  7:03  Stalker x2  
  105  7:09  Observer  
  105  7:11  Warp Prism (Chrono Boost)  
  105  7:16  Stalker x2  
  105  7:18  Sentry  
  105  7:21  Observer  
  113  7:24  Stalker x3  
  113  7:26  Pylon  
  119  7:34  Probe  
  119  7:35  Probe x2  
  122  7:39  Pylon  
  122  7:40  Stalker x2  
  126  7:44  Colossus  
  126  7:51  Protoss Ground Weapons Level 2 (Chrono Boost), Probe  
  133  7:53  Probe  
  133  7:56  Probe  
  135  7:58  Pylon  
  135  8:01  Forge  
  135  8:03  Probe  
  137  8:05  Probe  
  137  8:08  Probe  
  138  8:13  Stalker x3  
  138  8:14  Stalker  
  138  8:16  Probe  
  138  8:17  Pylon  
  147  8:21  Probe  
  147  8:23  Probe  
  149  8:33  Zealot x3  
  149  8:34  Zealot  
  155  8:36  Zealot  
  155  8:37  Zealot x2  
  155  8:41  Probe  
  152  8:49  Zealot  
  152  8:54  Probe  
  147  8:56  Zealot x2  
  147  8:58  Probe  
  147  9:00  Protoss Ground Armor Level 1 (Chrono Boost)  
  147  9:01  Probe  
  147  9:04  Probe  
  147  9:06  Probe  
  149  9:10  Probe  
  149  9:15  Probe  
  151  9:19  Probe  
  151  9:20  Colossus (Chrono Boost)  
  151  9:21  Probe  
  123  9:24  Zealot x6  
  123  9:25  Zealot  
  123  9:28  Probe  
  123  9:29  Shield Battery  
  122  9:32  Probe  
  122  9:37  Stalker  
  123  9:39  Gateway  
  123  9:45  Stalker x7  
  135  9:47  Probe  
  122  9:59  Zealot x3  
  115  10:08  Zealot x5  
  115  10:12  Gateway  
  108  10:16  Robotics Facility  
  92  10:23  Zealot x3  
  96  10:30  Gateway  
  96  10:31  Zealot x4  
  85  10:43  Zealot x2  
  65  10:54  Pylon  
  65  10:56  Protoss Ground Weapons Level 3 (Chrono Boost), Stalker  
  59  10:57  Protoss Ground Armor Level 2 (Chrono Boost)  
  59  10:58  Probe  
  59  10:59  Probe  
  59  11:01  Probe  
  59  11:02  Probe  
  59  11:03  Colossus (Chrono Boost)  
  61  11:08  Stalker  
  61  11:09  Stalker x2  
  61  11:11  Probe x2  
  75  11:14  Probe  
  70  11:20  Stalker  
  70  11:24  Zealot x3  
  76  11:30  Zealot x2  
  80  11:36  Zealot  
  75  11:44  Zealot x2  
  75  11:45  Zealot  
  67  11:56  Stalker  
  68  12:08  Templar Archives  
  68  12:20  Pylon  
  66  12:31  Nexus  
  66  12:33  Sentry  
  66  12:46  High Templar x5  
  76  12:52  Probe x2  
  76  12:53  Archon  
  76  12:54  Archon  
  78  12:59  High Templar  
  78  13:00  High Templar x2  
  78  13:04  Archon  
  84  13:05  Archon  
  84  13:10  Stalker  
  84  13:12  Stalker  
  88  13:20  Stalker  
  86  13:34  Stalker x2  
  90  13:47  Stalker x2  
  86  13:49  Probe  
  86  13:50  Probe  
  48  14:11  Stalker x4  
  56  14:23  Stalker x2  
  56  14:30  Stalker  
  58  14:31  Stalker  
  58  14:37  Zealot  
  62  14:40  Zealot  
  62  14:43  Zealot  
  58  14:47  Zealot  
  58  14:52  Zealot  
  52  14:56  Zealot  
Show
View Real Time Build Order
Export as new Build Order

Vindicta Terran - Winner!

Build Orders:  

Get SALT Encoding   

  12  0:00  SCV  
  13  0:12  SCV  
  14  0:17  Supply Depot  
  14  0:24  SCV  
  15  0:39  SCV  
  15  0:40  Barracks  
  16  0:43  Refinery  
  16  0:51  SCV  
  17  1:03  SCV  
  18  1:15  SCV  
  19  1:28  SCV  
  20  1:43  Marine  
  20  1:44  Command Center  
  20  1:45  Orbital Command  
  21  1:58  Supply Depot  
  21  2:02  Barracks Reactor  
  21  2:10  Bunker  
  21  2:12  SCV  
  22  2:24  SCV  
  22  2:25  Barracks  
  23  2:30  Barracks  
  23  2:36  SCV  
  24  2:39  Reaper x2  
  26  2:48  SCV  
  27  2:59  Orbital Command  
  27  3:00  SCV  
  28  3:11  Marine x2, Refinery  
  31  3:12  SCV  
  31  3:14  Barracks Tech Lab  
  31  3:19  Barracks Tech Lab  
  31  3:25  Supply Depot, SCV x2  
  33  3:29  Marine x2  
  33  3:34  Stimpack  
  35  3:36  Marine  
  35  3:37  SCV x2  
  38  3:42  Marine  
  38  3:46  Marine  
  40  3:49  SCV  
  40  3:54  SCV  
  40  3:55  Marauder  
  43  3:58  Engineering Bay  
  43  4:01  Concussive Shells, Marauder  
  44  4:04  Marine  
  44  4:05  SCV  
  44  4:07  SCV  
  47  4:10  Supply Depot  
  47  4:16  Marauder  
  49  4:17  SCV  
  49  4:18  Refinery  
  49  4:19  SCV  
  49  4:22  Marine, Marauder  
  54  4:31  SCV x2, Marine  
  54  4:33  Supply Depot  
  54  4:37  Marine  
  58  4:38  Factory  
  58  4:40  Marine  
  58  4:42  Terran Infantry Weapons Level 1  
  58  4:44  Marine, SCV x2  
  62  4:50  Refinery  
  62  4:52  Supply Depot  
  62  4:54  Marine  
  62  4:55  Supply Depot  
  62  4:56  Combat Shield, SCV  
  63  5:00  SCV  
  63  5:06  Marauder x2  
  66  5:16  SCV  
  66  5:17  Marine  
  66  5:18  SCV  
  67  5:24  Marine  
  67  5:27  Factory Reactor  
  67  5:28  SCV, Marauder, Starport  
  69  5:31  Marauder  
  69  5:32  SCV  
  73  5:38  Supply Depot  
  73  5:45  Command Center  
  73  5:48  SCV x2  
  73  5:49  Marauder  
  77  5:53  Marauder  
  77  5:54  Marine  
  80  6:00  SCV x2  
  80  6:01  Supply Depot  
  82  6:09  Medivac  
  82  6:10  Factory Tech Lab  
  84  6:11  Medivac  
  84  6:15  SCV  
  87  6:21  SCV  
  87  6:22  Barracks  
  87  6:23  Barracks  
  87  6:24  Marine x2, Marauder x2  
  94  6:27  SCV  
  94  6:30  Siege Tank  
  98  6:33  SCV  
  98  6:34  Supply Depot  
  98  6:36  Terran Infantry Armor Level 1  
  99  6:42  Medivac, Marine  
  102  6:48  Supply Depot  
  102  6:55  Medivac, Marine, SCV  
  102  6:56  SCV, Marauder x2  
  111  7:08  SCV  
  112  7:10  Siege Tank  
  112  7:11  Barracks Reactor  
  112  7:12  Viking, Barracks Tech Lab  
  117  7:16  Orbital Command  
  117  7:20  Ghost Academy  
  117  7:22  Marine, SCV  
  118  7:25  Viking  
  118  7:28  Marine, SCV  
  118  7:29  Marauder  
  124  7:33  Supply Depot  
  124  7:34  Refinery  
  124  7:36  SCV  
  124  7:37  Marine x2  
  125  7:38  Supply Depot  
  125  7:40  SCV  
  125  7:42  SCV  
  129  7:45  Viking  
  129  7:48  SCV  
  132  7:54  Siege Tank, Ghost  
  132  7:55  Viking, Supply Depot  
  139  8:02  Ghost  
  140  8:07  Marine  
  140  8:08  Supply Depot, Marine x3  
  140  8:09  Marine, SCV  
  140  8:10  SCV, Supply Depot, Missile Turret  
  146  8:16  Viking  
  148  8:23  Marine  
  148  8:25  Marine x2  
  148  8:26  Marine  
  149  8:27  Ghost  
  149  8:28  Marine  
  149  8:31  Marauder  
  149  8:37  Siege Tank  
  149  8:41  Ghost  
  147  8:43  Marine x2  
  147  8:45  Marine  
  147  8:46  Marine  
  148  8:51  SCV  
  148  8:52  SCV x2  
  148  8:53  Marauder  
  142  9:01  Marine x2  
  144  9:03  SCV, Marine  
  144  9:04  SCV x2  
  144  9:05  Marine  
  149  9:10  Medivac x2, Refinery  
  149  9:15  SCV  
  154  9:22  Marine  
  154  9:23  Siege Tank  
  148  9:28  Refinery  
  148  9:29  Marine x2  
  148  9:30  Marine, Marauder x2  
  148  9:31  Command Center, Marauder  
  147  9:40  Liberator, Marine  
  147  9:42  Orbital Command  
  147  9:43  SCV  
  151  9:47  Marine  
  151  9:51  Marine  
  145  10:02  Marine  
  145  10:07  Marine x2  
  147  10:09  Marine, SCV x2  
  147  10:10  Marine  
  147  10:11  Marine  
  139  10:21  SCV  
  139  10:22  SCV x2  
  139  10:25  Marine x2  
  141  10:30  Marine  
  141  10:31  Medivac  
  141  10:34  Marine, SCV x3  
  124  10:44  Marine  
  124  10:45  Marauder x2, Marine x2  
  120  10:52  Marine  
  120  10:54  Marine  
  113  11:02  Marine x2  
  113  11:03  Armory  
  112  11:05  Engineering Bay  
  112  11:06  Marine x2  
  112  11:09  SCV x2  
  112  11:10  Marine  
  117  11:12  Marine  
  111  11:20  Marine x2  
  111  11:22  Medivac  
  111  11:25  SCV  
  114  11:26  Barracks x2, Marine  
  115  11:34  Planetary Fortress  
  115  11:35  Refinery  
  115  11:38  Marine  
  117  11:42  Marine  
  117  11:44  Ghost  
  120  11:48  SCV x2  
  112  11:55  Medivac x2  
  112  11:57  Terran Infantry Weapons Level 2  
  112  11:59  Marine, SCV  
  112  12:00  SCV  
  113  12:02  SCV  
  113  12:06  Marine x2  
  117  12:10  Terran Infantry Armor Level 2  
  117  12:13  SCV  
  118  12:16  Missile Turret  
  118  12:17  Barracks Tech Lab, Missile Turret  
  118  12:18  Barracks Tech Lab  
  118  12:20  Marine  
  118  12:21  SCV, Marauder  
  118  12:22  SCV x2  
  119  12:25  SCV  
  119  12:26  Marine  
  119  12:27  Marauder  
  119  12:28  Marine  
  123  12:30  Marine  
  123  12:32  Viking  
  123  12:34  Viking  
  123  12:35  SCV  
  125  12:37  Marine  
  121  12:46  SCV x2  
  121  12:47  Marauder, Marine x2  
  121  12:48  Marauder  
  128  12:53  Terran Ship Weapons Level 1, SCV  
  128  12:56  Refinery  
  128  12:57  Marauder, Refinery  
  128  12:58  SCV x2  
  130  13:00  Ghost, Marauder  
  130  13:02  Viking, Marine  
  130  13:04  Viking  
  138  13:06  Siege Tank  
  138  13:08  Ghost  
  138  13:11  SCV x2  
  138  13:12  Ghost  
  147  13:29  Command Center  
  147  13:32  Viking, Ghost  
  149  13:34  Viking  
  149  13:37  Marine  
  149  13:40  SCV  
  152  13:43  Ghost, Marine x2  
  152  13:50  SCV  
  152  13:51  Ghost, SCV  
  152  13:52  Ghost  
  160  14:02  Viking, Marauder, Marine x4  
  149  14:10  SCV x2  
  149  14:12  Barracks Tech Lab, Marauder  
  149  14:15  Starport  
  149  14:16  SCV x2  
  154  14:17  Fusion Core  
  154  14:19  Marine  
  154  14:20  Marine x3  
  154  14:22  SCV x2  
  162  14:28  Marine  
  162  14:29  Marauder  
  164  14:33  SCV  
  164  14:34  Supply Depot x2  
  161  14:56  Starport Reactor  
Tags
 
Add a new tag
Caveats
  • Supply blocks, unpowered buildings, or Contaminate may cause inaccurate times.
  • Supply counts are checked every 10 seconds.